AoeStats
← Juda

Black Forest

510284591Analyzed
3v3 RM · 3d ago on Sep 30, 2026· 42m 12s· 6 players
Game mode
Random Map
Map size
Normal (6 player)
Population
200
Speed
Normal
Resources
Standard
Victory
Conquest
Starting age
Dark Age
Ending age
Imperial Age
RankedLock teamsTeams togetherTeam positionsShared explorationLock speedFull tech treeHidden civsTurbo modeCheats
Victory
Defeat
🇷🇴 Lithuanians · Romania
1080
+15
🇨🇦 Persians · Canada
1077
+16
🇩🇪 Spanish · Germany
1025
+18
🇮🇳 Portuguese · India
1081
-17
🇨🇿 Khmer · Czechia
1060
-16
🇦🇺 Persians · Australia
1054
-16
Aquillo
12:06 Feudal Age
17:44 Castle Age
15:38 Stone Mining
15:38 Double-Bit Axe
17:48 Wheelbarrow
18:47 Fishing Lines
20:28 Horse Collar
22:25 Bow Saw
23:48 Gold Mining
24:39 Hand Cart
27:15 Imperial Age
25:00 Town Watch
25:57 Town Patrol
25:43 Loom
26:56 Caravan
27:25 Forging
27:21 Scale Barding Armor
29:06 Iron Casting
28:53 Husbandry
29:04 Bloodlines
29:49 Gold Shaft Mining
30:59 Chain Barding Armor
31:39 Conscription
32:30 Two-Man Saw
31:56 Heavy Plow
32:05 Kamandaran
32:09 Crossbowman
32:55 Thumb Ring
33:07 Heavy Camel Rider
34:06 Gillnets
34:59 Plate Barding Armor
34:54 Ballistics
34:46 Masonry
36:42 Chemistry
35:38 Murder Holes
37:37 Blast Furnace
36:29 Fletching
36:39 Padded Archer Armor
37:49 Architecture
38:13 Crop Rotation
41:12 Elite War Elephant
42:29 Hoardings
fe^voR
1:21 Loom
11:43 Feudal Age
12:39 Double-Bit Axe
15:40 Horse Collar
19:28 Castle Age
18:07 Fishing Lines
18:54 Horse Collar
20:39 Bow Saw
20:34 Stone Mining
26:25 Town Watch
26:44 Scale Mail Armor
31:55 Imperial Age
32:01 Pikeman
33:49 Wheelbarrow
33:45 Scale Mail Armor
33:56 Forging
33:36 Fletching
34:25 Conscription
35:13 Chemistry
35:59 Block Printing
35:45 Gold Mining
36:33 Stone Shaft Mining
37:29 Hand Cart
37:41 Halberdier
41:46 Sanctity
41:57 Fervor
BulldokCZE
1:13 Loom
13:15 Feudal Age
14:19 Double-Bit Axe
18:09 Castle Age
16:50 Stone Mining
19:01 Bow Saw
19:11 Horse Collar
25:03 Padded Archer Armor
28:48 Forging
29:22 Scale Barding Armor
30:08 Bloodlines
34:03 Light Cavalry
34:44 Husbandry
34:43 Gold Mining
36:30 Chain Barding Armor
36:25 Leather Archer Armor
36:46 Iron Casting
36:14 Pikeman
39:16 Scale Mail Armor
Clauzzz
5:38 Loom
10:43 Feudal Age
11:24 Double-Bit Axe
11:22 Horse Collar
12:19 Wheelbarrow
16:59 Castle Age
18:12 Bow Saw
18:04 Heavy Plow
19:10 Fervor
22:59 Gold Mining
23:00 Stone Mining
24:36 Scale Barding Armor
25:34 Forging
26:06 Light Cavalry
26:46 Husbandry
26:56 Bloodlines
27:23 Redemption
27:45 Hand Cart
28:19 Sanctity
32:14 Imperial Age
29:59 Masonry
31:42 Chain Barding Armor
31:58 Iron Casting
31:50 Town Watch
32:19 Fortified Wall
32:04 Murder Holes
31:51 Treadmill Crane
32:46 Cavalier
35:15 Plate Barding Armor
35:03 Block Printing
35:16 Illumination
35:22 Town Patrol
36:04 Stone Shaft Mining
36:31 Two-Man Saw
36:03 Crop Rotation
36:56 Paladin
37:19 Winged Hussar
40:09 Ballistics
40:50 Chemistry
Juda
2:38 Loom
12:22 Feudal Age
16:01 Castle Age
14:29 Double-Bit Axe
14:42 Horse Collar
16:15 Gold Mining
17:02 Bow Saw
24:11 Wheelbarrow
25:18 Heavy Plow
26:09 Bloodlines
26:06 Scale Barding Armor
27:11 Town Watch
28:07 Hand Cart
29:44 Masonry
29:28 Stone Mining
29:51 Forging
30:03 Chain Barding Armor
32:37 Imperial Age
31:54 Iron Casting
31:22 Husbandry
32:38 Town Patrol
34:13 Plate Barding Armor
34:23 Conscription
35:12 Fletching
37:09 Blast Furnace
37:17 Chemistry
36:55 Cavalier
38:52 Bodkin Arrow
39:31 Caravan
39:32 Murder Holes
40:10 Architecture
40:41 Bracer
40:08 Elite Conquistador
41:41 Paladin
iamstacked
1:42 Loom
14:12 Feudal Age
18:31 Castle Age
16:50 Double-Bit Axe
17:20 Horse Collar
19:26 Bow Saw
19:42 Heavy Plow
23:46 Wheelbarrow
25:06 Hand Cart
26:05 Gold Mining
28:00 Bloodlines
27:55 Scale Barding Armor
28:21 Husbandry
29:01 Gold Shaft Mining
29:39 Chain Barding Armor
34:41 Imperial Age
32:49 Forging
34:20 Capped Ram
34:23 Heavy Camel Rider
35:59 Plate Barding Armor
35:46 Conscription
35:05 Onager
36:31 Plate Barding Armor
35:29 Heavy Camel Rider
36:54 Siege Ram
38:12 Iron Casting
41:12 Blast Furnace
41:13 Devotion
41:51 Hoardings
Connection lost

Rejoining the realm…

Still unreachable

The connection could not be restored.

Session expired

The server has moved on; the page needs a fresh start.